 Dungeon Crawl Stone Soup version 0.31-a0-1-g4198be8af4 (webtiles) character file.

Game seed: 9730528874872315306

386 cheesebisquit the Grave Robber (level 6, -2/45 HPs)
             Began as a Hill Orc Necromancer on May 2, 2023.
             Slain by Duvessa
             ... wielding a +0 rapier
              (8 damage)
             ... on level 4 of the Dungeon.
             The game lasted 00:09:48 (4022 turns).

cheesebisquit the Grave Robber (HONe)               Turns: 4022, Time: 00:09:48

Health: -2/45      AC:  4    Str: 11    XL:     6   Next: 78%
Magic:  2/8        EV: 12    Int: 23    God:
Gold:   120        SH:  0    Dex: 11    Spells: 4/8 levels left

rFire   . . .        q - +2 dagger (drain)
rCold   . . .        (no shield)
rNeg    . . .        a - +0 robe
rPois   +            j - +1 helmet
rElec   .            (no cloak)
rCorr   .            (no gloves)
SInv    .            (no boots)
Will    .....        (no amulet)
Stlth   ++           h - +6 ring of intelligence
HPRegen 0.27/turn    p - ring of poison resistance
MPRegen 0.11/turn

%: no passive effects
@: no status effects
A: no striking features
a: no special abilities


You were on level 4 of the Dungeon.
You visited 1 branch of the dungeon, and saw 4 of its levels.

You collected 120 gold pieces.

Inventory:

Hand Weapons
 i - a +0 dagger of venom
 q - a +2 dagger of draining (weapon)
Armour
 a - a +0 robe (worn)
 j - a +1 helmet (worn)
 l - the +0 buckler of the Dice {Str+4}
   (You found it on level 2 of the Dungeon)

   Str:       It affects your strength (+4).
 u - a +2 chain mail of fire resistance
Jewellery
 h - a +6 ring of intelligence (left hand)
 p - a ring of poison resistance (right hand)
 s - an amulet of the acrobat
Wands
 k - a wand of polymorph (10)
 t - a wand of charming (6)
Scrolls
 b - 3 scrolls of teleportation {unknown}
 c - a scroll of enchant armour {unknown}
 e - 3 scrolls of immolation {unknown}
 g - a scroll of identify {unknown}
 m - 2 scrolls of amnesia {unknown}
 o - a scroll of vulnerability {unknown}
Potions
 d - 2 potions of lignification {unknown}
 f - 2 potions of brilliance {unknown}
 n - a potion of attraction {unknown}
 r - a potion of flight {unknown}


   Skills:
 - Level 1.5 Dodging
 - Level 1.5 Stealth
 - Level 1.5 Spellcasting
 + Level 7.9 Necromancy


You had 4 spell levels left.
You knew the following spells:

 Your Spells              Type           Power      Damage    Failure   Level
a - Necrotise             Necr           100%       1d9       1%          1
b - Vampiric Draining     Necr           38%        2d8       1%          3

Your spell library contained the following spells:

 Spells                   Type           Power      Damage    Failure   Level
 Animate Dead             Necr           38%        N/A       5%          4
 Lesser Beckoning         Tloc           2%         N/A       21%         2
 Gell's Gravitas          Tloc           1%         N/A       38%         3
 Teleport Other           Tloc           1%         N/A       38%         3
 Agony                    Necr           38%        N/A       14%         5


Dungeon Overview and Level Annotations

Branches:
Dungeon (4/15)
 Temple: D:4-7

Altars:
Cheibriados

Annotations:
D:2 1 runed translucent door, Crazy Yiuf
D:4 1 runed translucent door, Duvessa; subawu's ghost, amateur GnRe


Message History

Ijyb crumbles into dust!
t - a wand of charming (6)
Things that are here:
a +0 dagger; a +2 chain mail of fire resistance
u - a +2 chain mail of fire resistance A goblin comes into view.
It is wielding a +0 dagger.
The goblin shouts!
The goblin writhes in agony.
You kill the goblin!
The dead are walking!
You swap places.
You see here a +0 dagger.
There is a stone staircase leading up here.
Your goblin skeleton crumbles into dust!
Dowan shouts!
You hear a shout!
Dowan zaps a wand.
The puff of flame hits you.
Dowan writhes in agony.
Subawu's ghost turns its malevolent gaze towards you.
Dowan writhes in agony.
Dowan writhes in agony!
Dowan writhes in agony.
Dowan gestures at you while chanting. The puff of frost misses you.
Dowan writhes in agony.
You kill Dowan!
Duvessa screams, "No!
How DARE you!"
Duvessa goes berserk!
The dead are walking!
Duvessa writhes in agony.
Duvessa rages.
Duvessa writhes in agony.
Duvessa hits Dowan with a +0 rapier!
Something hits Dowan!
Dowan is destroyed!
Duvessa hits you with a +0 rapier! Duvessa attacks as you move away!
Duvessa hits you with a +0 rapier!
Duvessa rages.
Duvessa hits you with a +0 rapier!
* * * LOW HITPOINT WARNING * * *
Okay, then.
Duvessa attacks as you move away! Duvessa hits you with a +0 rapier!
You die...

#...##..?..##..######.#
#.# #....##...##...# #.#
#.# #.#...##W##...## #.#
#.#
..#....###...########.#
#<#
###.........###....##.#
#.#
...........##.##.##.#
#.#
#..####....##.##.##.#
#.#
.######)##.##.##.#####.#
..........e@...........#
.#######################


You could see Duvessa (berserk).

Vanquished Creatures
  Dowan (D:4)
  A hound (D:4)
  Jessica (D:2)
  Ijyb (D:4)
  An iguana (D:4)
  Natasha (twice) (D:4)
  Robin (D:2)
  4 adders
  A worm (D:3)
  3 dart slugs
  3 orcs
  6 bats
  7 endoplasms
  4 giant cockroaches
  18 goblins
  14 hobgoblins
  5 quokkas
  9 ball pythons
  A frilled lizard (D:3)
  6 kobolds
  4 rats
93 creatures vanquished.

Vanquished Creatures (collateral kills)
  Natasha (D:4)
  A giant cockroach (D:2)
  A ball python (D:4)
  2 frilled lizards (D:2)
  2 rats
7 creatures vanquished.

Grand Total: 100 creatures vanquished

Notes
Turn   | Place    | Note
-------+----------+-------------------------------------------
     0 | D:1      | cheesebisquit the Hill Orc Necromancer began the quest for
                  | the Orb.
     0 | D:1      | Reached XP level 1. HP: 14/14 MP: 3/3
   267 | D:1      | Reached XP level 2. HP: 20/20 MP: 1/4
   610 | D:1      | Reached XP level 3. HP: 26/26 MP: 1/5
   775 | D:1      | Reached skill level 5 in Necromancy
  1013 | D:2      | Noticed Jessica
  1029 | D:2      | Killed Jessica
  1030 | D:2      | Reached XP level 4. HP: 33/33 MP: 0/6
  1109 | D:2      | Identified the +0 buckler of the Dice {Str+4}
  1367 | D:2      | Noticed Robin
  1386 | D:2      | Killed Robin
  1387 | D:2      | Reached skill level 6 in Necromancy
  1552 | D:2      | Found a runed translucent door.
  1553 | D:2      | Noticed Crazy Yiuf
  2020 | D:3      | Reached XP level 5. HP: 38/38 MP: 2/7
  2107 | D:3      | Found a snail-covered altar of Cheibriados.
  3039 | D:3      | Learned a level 3 spell: Vampiric Draining
  3072 | D:4      | Noticed subawu's ghost (amateur GnRe)
  3075 | D:4      | Found a runed translucent door.
  3078 | D:4      | Noticed Dowan
  3082 | D:4      | Noticed Duvessa
  3490 | D:4      | Noticed Natasha
  3501 | D:4      | Killed Natasha
  3564 | D:4      | Noticed Natasha
  3568 | D:4      | Killed Natasha
  3569 | D:4      | Reached skill level 7 in Necromancy
  3569 | D:4      | Reached XP level 6. HP: 29/45 MP: 4/8
  3745 | D:4      | Noticed Natasha
  3751 | D:4      | Killed Natasha
  3849 | D:4      | Noticed Ijyb
  3871 | D:4      | Killed Ijyb
  4014 | D:4      | Killed Dowan
  4022 | D:4      | Slain by Duvessa

Illustrated notes

Levels and vault maps discovered:
D:1:      minmay_arrival_split_and_join, layout_basic, serial_park_tiny_2
D:2:      layout_rooms, minmay_misc_feat_alley, minivault_24, minmay_distorted,
          uniq_jessica, uniq_crazy_yiuf_cottage, uniq_robin
D:3:      layout_basic, lemuel_crystal_altar
D:4:      layout_loops_ring, hellmonk_ghost_happy_afterlife, uniq_duvessa,
          uniq_ijyb, uniq_natasha

Skill      XL: |  1  2  3  4  5 |
---------------+----------------+-----
Necromancy     | 5 6 7 |  7.9
Dodging        | |  1.5
Stealth        | |  1.5
Spellcasting   | |  1.5

Action                     |  1- 3 |  4- 6 || total
---------------------------+-------+-------++-------
  Melee: Unarmed           |    11 |       ||    11
         Dagger            |       |    30 ||    30
   Cast: Necrotise         |    41 |   135 ||   176
    Use: Potion            |       |     1 ||     1
 Armour: Robe              |     6 |    21 ||    27
  Dodge: Dodged            |     2 |    56 ||    58

Table legend: (Time is in decaauts)
 A = Elapsed time spent in this place.
 B = Non-inter-level travel time spent in this place.
 C = Inter-level travel time spent in this place.
 D = Time resting spent in this place.
 E = Time spent auto-exploring this place.
 F = Levels seen in this place.
 G = Mean time per level.
                   A        B        C        D        E       F      G
               +--------+--------+--------+--------+--------+-----+--------+
         Total |   4019 |   3875 |    144 |      0 |   3336 |   4 | 1004.8 |
       Dungeon |   4019 |   3875 |    144 |      0 |   3336 |   4 | 1004.8 |
               +--------+--------+--------+--------+--------+-----+--------+

Top non-repeatable levels by time:
     D:3: 1424 daAuts
     D:1: 998 daAuts
     D:2: 893 daAuts
     D:4: 703 daAuts
